 Dungeon Crawl Stone Soup version 0.18.1-8-gdd0e5ea (webtiles) character file.

25 zeroDi the Sneak (level 3, -2/18 HPs)
             Began as a Vine Stalker Assassin on May 22, 2016.
             Slain by a gnoll
             ... wielding a +0 halberd
              (7 damage)
             ... on level 2 of the Dungeon.
             The game lasted 00:01:00 (579 turns).

zeroDi the Sneak (Vine Stalker Assassin)             Turns: 579, Time: 00:01:00

Health: -2/18      AC:  3    Str: 13    XL:     3   Next: 4%
Magic:  0/4        EV: 11    Int: 11    God:
Gold:   39         SH:  0    Dex: 16    Spells: 0 memorised, 2 levels left

rFire  . . .     SeeInvis .     a - +2 dagger
rCold  . . .     Gourm    .     c - +0 robe
rNeg   . . .     Faith    .     (no shield)
rPois  .         Spirit   +     (no helmet)
rElec  .         Dismiss  .     d - +0 cloak
rCorr  .         Reflect  .     (no gloves)
SustAt .         Harm     .     (no boots)
MR     .....                    (no amulet)
Stlth  +++.......               (no ring)
                                (no ring)

@: not resistant to hostile enchantments, fairly stealthy
A: fangs 2, regeneration 1, magic shield, antimagic bite, no device heal 3, rot
immunity
a: no special abilities


You were on level 2 of the Dungeon.
You were not hungry.

You visited 1 branch of the dungeon, and saw 2 of its levels.

You collected 39 gold pieces.


Innate Abilities, Weirdness & Mutations

You have extremely sharp teeth.
Your natural rate of healing is unusually fast.
When hurt, damage is shared between your health and your magic reserves.
Your bite disrupts and absorbs the magic of your enemies.
Potions and wands cannot restore your health.
You are immune to rotting.


   Skills:
 - Level 1.7 Fighting
 + Level 3.1 Short Blades
 - Level 1.7 Throwing
 - Level 0.7 Dodging
 - Level 4.8 Stealth


You had 2 spell levels left.
You didn't know any spells.

Inventory:

Hand Weapons
 a - a +2 dagger (weapon)
 b - a +0 blowgun
Missiles
 e - 8 poisoned needles
 f - 2 curare-tipped needles {=f}
Armour
 c - a +0 robe (worn)
 d - a +0 cloak (worn)
 o - a +0 helmet
 p - a +0 pair of boots
Scrolls
 h - a scroll of identify {unknown}
 k - a scroll of remove curse {unknown}
Potions
 i - a potion of mutation {unknown}
 j - 2 potions of curing {unknown}
 l - 2 potions of haste {unknown}
 m - a potion of brilliance {unknown}
Comestibles
 g - a bread ration
 n - 5 fruits

Dungeon Overview and Level Annotations

Branches:
Dungeon (2/15)

Altars:

##.........#.###
#.#..........#.#
#.....(<###....#
........# #....#
.....#### #..#.#
.?.. ## #....#
... ...##.#..# ..
#.....#.# .
#.....#@#######.
##..............
#....gg.......###
..#......######
.........#
###......#
#......# ########


You could see 2 gnolls.


Message History

A gnoll comes into view. It is wielding a halberd.
A gnoll comes into view. It is wielding a halberd.
The gnoll shouts!
A gnoll comes into view. It is wielding a flail.
You see here a pair of boots.
p - a pair of boots A gnoll comes into view.
It is wielding a flail.
The gnoll hits you from afar with a halberd.
The gnoll shouts! x2
You hit the gnoll. You bite the gnoll. You drain its power.
The gnoll is moderately wounded.
The gnoll completely misses you.
You hit the gnoll.
The gnoll is severely wounded.
The gnoll hits you with a halberd!
Ouch! That really hurt!
* * * LOW HITPOINT WARNING * * *
You are too injured to fight recklessly!
The gnoll hits you from afar with a halberd!
You die...

Action                   || total
-------------------------++-------
Melee: Dagger            ||    58
       Bite              ||    14
 Stab: Sleeping          ||     2
Armor: Robe              ||    17
Dodge: Dodged            ||    37

Vault maps used:
D:1:      wheals_arrival_shading, feat_on_display
D:2:      lemuel_crystal_altar, lemuel_zombie_altar_yredelemnul,
          lemuel_crystal_altar, first_bread, ecumenical_altar_1,
          uniq_crazy_yiuf_cottage

Notes
Turn   | Place    | Note
--------------------------------------------------------------
     0 | D:1      | zeroDi the Vine Stalker Assassin began the quest for the Orb.
     0 | D:1      | Reached XP level 1. HP: 11/11 MP: 2/2
    29 | D:1      | Reached skill level 2 in Short Blades
    77 | D:1      | Reached XP level 2. HP: 15/15 MP: 1/3
   246 | D:1      | Reached skill level 3 in Short Blades
   379 | D:1      | Reached XP level 3. HP: 18/18 MP: 4/4
   579 | D:2      | Slain by a gnoll

Vanquished Creatures
  2 dart slugs (D:1)
  A giant cockroach (D:1)
  A goblin (D:1)
  3 hobgoblins (D:1)
  A ball python (D:1)
  5 bats (D:1)
  3 giant newts (D:1)
  3 kobolds (D:1)
  3 rats (D:1)
22 creatures vanquished.
